Map: Dusk Towers

Players

Miszu - Winner!

  • Race: Terran Terran
  • League: Master

Vincent

  • Race: Zerg Zerg
  • League: Master

VOD

Have the link to the VOD?

Description

Time

  • Played on: Feb. 2, 2016, 6:07 p.m.
  • Length: 9:46
Show
View Real Time Build Order
Export as new Build Order

Miszu Terran - Winner!

Build Orders: MMM Bio 

Get SALT Encoding   

  12  0:01  SCV  
  14  0:14  SCV  
  14  0:18  Supply Depot  
  14  0:26  SCV  
  15  0:39  SCV  
  16  0:46  Barracks  
  16  0:49  Refinery  
  16  0:51  SCV  
  17  1:03  SCV  
  18  1:16  SCV  
  19  1:33  Orbital Command  
  19  1:39  Barracks Reactor  
  19  1:41  Command Center  
  19  1:51  Supply Depot  
  19  1:58  SCV  
  20  2:10  SCV  
  21  2:20  Reaper x2  
  23  2:23  SCV  
  23  2:27  Command Center  
  24  2:35  SCV  
  25  2:41  Barracks  
  25  2:47  SCV  
  25  2:50  Refinery  
  26  2:52  Orbital Command  
  26  2:59  SCV  
  26  3:05  Barracks  
  27  3:12  SCV  
  28  3:17  Marine  
  28  3:18  Marine  
  30  3:20  SCV  
  30  3:24  SCV  
  32  3:30  Factory, Barracks Tech Lab  
  32  3:33  SCV  
  33  3:36  SCV  
  34  3:43  Reaper x2  
  34  3:45  SCV  
  34  3:47  Orbital Command  
  34  3:48  SCV  
  38  3:53  Barracks Tech Lab  
  38  3:54  Marine  
  39  3:56  Stimpack  
  39  3:57  SCV  
  39  4:00  SCV  
  40  4:09  Refinery, SCV  
  41  4:10  Refinery  
  41  4:11  Marine  
  41  4:12  SCV  
  43  4:18  Marine  
  43  4:20  Starport, Factory Reactor  
  43  4:21  Marine, SCV  
  43  4:22  SCV  
  47  4:24  SCV  
  47  4:26  Marine  
  49  4:33  Marine, SCV  
  49  4:36  SCV  
  49  4:38  Orbital Command  
  52  4:41  Supply Depot  
  52  4:42  Marine  
  52  4:43  Supply Depot, Marine  
  52  4:45  SCV  
  55  4:46  Marine  
  55  4:47  Combat Shields  
  55  4:48  SCV  
  57  4:56  Engineering Bay  
  57  4:57  Engineering Bay, SCV  
  57  4:59  Marine  
  58  5:00  Marine  
  58  5:01  SCV  
  58  5:06  SCV  
  62  5:07  Factory Tech Lab  
  62  5:09  Marine x2, SCV  
  62  5:13  SCV  
  66  5:14  Medivac  
  66  5:15  Medivac  
  66  5:17  Marine  
  66  5:18  SCV  
  72  5:24  Supply Depot  
  72  5:25  Supply Depot, SCV x2  
  74  5:29  Terran Infantry Armor Level 1  
  74  5:30  SCV  
  74  5:32  Terran Infantry Weapons Level 1  
  75  5:37  Marine, SCV  
  77  5:45  Marine x3, SCV  
  77  5:46  SCV  
  82  5:52  SCV  
  82  5:54  Marine  
  84  5:57  Medivac  
  84  5:58  Barracks  
  84  5:59  Barracks  
  84  6:00  Siege Tank  
  84  6:03  Marine x3  
  92  6:04  Supply Depot  
  92  6:06  Supply Depot  
  92  6:07  SCV  
  93  6:25  Marine x4, SCV x3  
  100  6:38  SCV x2  
  97  6:42  Siege Tank  
  97  6:43  Marine x4, Medivac x2, SCV  
  97  6:45  Supply Depot  
  105  6:56  Barracks Reactor, Barracks Tech Lab  
  105  7:01  Marine x2, Marauder  
  105  7:02  SCV  
  105  7:04  Refinery x2  
  105  7:06  Supply Depot  
  105  7:07  SCV  
  111  7:08  Supply Depot  
  111  7:14  Widow Mine  
  112  7:19  Marauder  
  112  7:25  Missile Turret x2  
  112  7:31  Armory, Missile Turret  
  112  7:32  Marine  
  112  7:33  Marine x4, Marauder  
  65  7:37  Medivac x2  
  119  7:40  Marine  
  124  7:44  Supply Depot  
  124  7:46  Supply Depot  
  124  7:50  Marine  
  124  7:51  Marine x3, Marauder  
  126  7:53  Supply Depot  
  126  7:54  Marine  
  126  7:58  Marine  
  132  8:07  Medivac x2  
  132  8:08  Marine  
  132  8:09  Marine x2  
  132  8:10  Marine  
  132  8:12  Marine, Marauder  
  139  8:16  Marauder  
  142  8:26  Marine  
  140  8:27  Marine  
  140  8:28  Marine x2  
  140  8:29  Siege Tank  
  140  8:31  Marauder  
  140  8:33  Marauder  
  147  8:37  Marine, Medivac x2  
  147  8:44  Marine  
  147  8:45  Marine  
  147  8:46  Marine x2  
  134  8:51  Marine  
  134  8:55  Marine, Marauder  
  134  9:01  Marine, Siege Tank  
  138  9:03  Marine  
  138  9:04  Marine x2  
  138  9:06  Barracks  
  138  9:07  Barracks  
  138  9:09  Marine  
  142  9:13  Marine  
  142  9:16  Marine  
  139  9:19  Marine  
  139  9:21  Marine x3  
  143  9:27  Marine  
Show
View Real Time Build Order
Export as new Build Order

Vincent Zerg 

Build Orders: Hatch First, Muta Ling Bane 

Get SALT Encoding   

  12  0:01  Drone  
  13  0:12  Overlord  
  13  0:17  Drone  
  14  0:31  Drone x2  
  14  0:34  Drone  
  17  0:52  Hatchery  
  17  0:55  Drone  
  17  0:58  Drone  
  18  1:08  Extractor  
  17  1:14  Spawning Pool  
  17  1:17  Drone  
  17  1:20  Drone  
  18  1:28  Drone  
  19  1:38  Overlord  
  19  1:49  Drone  
  20  2:01  Queen  
  20  2:02  Zergling x2  
  20  2:04  Queen  
  20  2:05  Zergling x2  
  26  2:08  Metabolic Boost  
  26  2:11  Drone  
  27  2:17  Drone  
  27  2:21  Drone  
  29  2:26  Drone  
  30  2:34  Overlord  
  30  2:37  Queen  
  30  2:40  Queen  
  34  2:45  Drone  
  34  2:49  Drone  
  36  2:59  Drone x3  
  39  3:06  Overlord  
  39  3:12  Zergling x2  
  40  3:13  Zergling x8  
  40  3:17  Overlord  
  44  3:43  Hatchery  
  44  3:46  Drone  
  44  3:47  Drone x8  
  52  4:01  Overlord  
  52  4:06  Extractor, Drone  
  52  4:07  Extractor, Drone x2  
  52  4:08  Roach Warren  
  52  4:16  Overlord  
  52  4:18  Lair  
  52  4:22  Drone  
  52  4:23  Drone x6  
  58  4:35  Spore Crawler  
  58  4:37  Extractor  
  56  4:40  Spore Crawler  
  56  4:41  Drone  
  56  4:44  Drone x2  
  58  4:50  Drone  
  58  4:51  Drone x5  
  64  5:01  Drone x2  
  66  5:07  Drone  
  66  5:08  Drone x4  
  66  5:12  Overlord x2  
  71  5:24  Overlord x2  
  71  5:27  Spire  
  70  5:29  Drone  
  70  5:30  Baneling Nest, Overseer  
  70  5:33  Drone x2  
  72  5:36  Drone x2  
  72  5:37  Drone x4  
  72  5:38  Evolution Chamber  
  72  5:39  Evolution Chamber  
  76  5:45  Drone x4  
  80  5:53  Zergling x2  
  80  5:54  Zergling x4  
  83  5:59  Extractor x2  
  83  6:01  Zergling x2  
  83  6:02  Zergling x12  
  88  6:14  Baneling  
  88  6:15  Baneling x6  
  88  6:16  Centrifical Hooks  
  88  6:17  Zerg Melee Weapons Level 1, Zerg Ground Armor Level 1  
  88  6:20  Drone x3  
  91  6:29  Zergling x16  
  87  6:40  Zergling x14  
  93  6:48  Hatchery  
  93  6:52  Mutalisk x3  
  92  7:03  Mutalisk  
  92  7:04  Roach  
  96  7:08  Overlord  
  96  7:09  Overlord  
  96  7:13  Overlord  
  96  7:14  Mutalisk  
  96  7:15  Mutalisk x3, Hatchery  
  96  7:24  Zergling x2  
  96  7:26  Overlord x3  
  96  7:29  Zergling x2  
  98  7:30  Zergling x10  
  103  7:37  Zergling x2  
  103  7:38  Zergling x6  
  106  7:44  Baneling x2  
  106  7:47  Zergling x12  
  106  7:50  Baneling x5  
  106  7:51  Baneling x4  
  110  7:59  Zergling x4  
  110  8:00  Zergling x6  
  113  8:10  Zergling x2  
  113  8:11  Zergling x10  
  109  8:17  Zergling x6  
  109  8:19  Baneling x8  
  103  8:29  Zergling x2  
  103  8:30  Zergling x6  
  103  8:31  Baneling x2  
  103  8:32  Baneling  
  103  8:33  Zergling x10  
  101  8:36  Zergling x2  
  101  8:43  Mutalisk x5  
  101  8:47  Queen  
  104  8:51  Zergling x12  
  108  8:57  Mutalisk x4  
  108  9:02  Zergling x2  
  112  9:03  Zergling x8  
  112  9:06  Baneling x3  
  112  9:07  Baneling  
  115  9:11  Zergling x2  
  115  9:12  Zergling x6  
  106  9:17  Zergling x4  
  102  9:27  Zergling x2  
  102  9:28  Zergling x10  
Tags
 
Add a new tag
Caveats
  • Supply blocks, unpowered buildings, or Contaminate may cause inaccurate times.
  • Supply counts are checked every 10 seconds.